[ PARTIDA AOE2 · #483485900 ]
UnrankedFrancos vs Tatars
[ ANÁLISIS DE REPETICIÓN · EXTRAÍDO DE LA PARTIDA GRABADA ]
Feudal
10:03
Castillos
15:06
Imperial
—
| APM promedio | 12.9 |
| APM pico | 40 |
| eAPM promedio | 7.1 |
| Aldeanos / militares | 16 / 0 |
Foco
⚔️ 1.9% · 🌾 98.1%
Feudal
11:15
Castillos
15:17
Imperial
—
| APM promedio | 22.3 |
| APM pico | 53 |
| eAPM promedio | 12.8 |
| Aldeanos / militares | 25 / 0 |
Foco
⚔️ 0.6% · 🌾 99.4%
Feudal
—
Castillos
—
Imperial
—
| APM promedio | 0.4 |
| APM pico | 6 |
| eAPM promedio | 0.4 |
| Aldeanos / militares | 0 / 0 |
Feudal
10:08
Castillos
—
Imperial
—
| APM promedio | 12.9 |
| APM pico | 29 |
| eAPM promedio | 6.0 |
| Aldeanos / militares | 25 / 0 |
Foco
⚔️ 1.2% · 🌾 98.8%
Mapa de la partida
Recursos iniciales + cada clic de construcción. Líneas = muros · curvas = relieve. ◆ oro · ⬟ piedra · ● bayas · ✦ reliquia · ◌ hueco del cierre
Tu base· ✓ Cerrada en 15:06 · 0t muro · 2 puerta(s)
Base de Acerola-Orion Heart-Under-Blade· ✓ Cerrada en 15:17 · 0t muro · 2 puerta(s)
Base de Tiny· ✓ Cerrada en 12:00 · 0t muro · 2 puerta(s)
Base de ds· ✓ Cerrada en 15:05 · 0t muro · 2 puerta(s)
Terreno inicial suavizado · ◌ = hueco del cierre detectado · pasá el cursor para detalles
Inputs por minuto
— Tapion - - Acerola-Orion Heart-Under-Blade
Build order — Tapion
49 acciones detectadas en el replay
| 0:05 | Crear | Villager (Male) |
| 0:06 | Crear | Villager (Male) |
| 0:12 | Construir | House |
| 0:32 | Construir | House |
| 0:41 | Construir | Lumber Camp |
| 1:04 | Crear | Villager (Male) |
| 1:51 | Crear | Villager (Male) |
| 1:51 | Crear | Villager (Male) |
| 1:51 | Crear | Villager (Male) |
| 2:32 | Crear | Villager (Male) |
| 2:46 | Construir | Mill |
| 3:08 | Crear | Villager (Male) |
| 3:46 | Crear | Villager (Male) |
| 3:46 | Crear | Villager (Male) |
| 4:14 | Crear | Villager (Male) |
| 4:14 | Crear | Villager (Male) |
| 4:48 | Construir | Mill |
| 5:45 | Crear | Villager (Male) |
| 5:46 | Crear | Villager (Male) |
| 7:53 | Investigar | Feudal Age |
| 8:58 | Construir | Mining Camp |
| 9:14 | Construir | Mining Camp |
| 10:03 | Edad | Edad Feudal |
| 10:07 | Construir | Market |
| 10:14 | Construir | Blacksmith |
| 10:26 | Construir | Farm |
| 10:27 | Construir | Farm |
| 10:29 | Construir | Farm |
| 10:30 | Construir | Farm |
| 10:32 | Construir | Farm |
| 10:42 | Investigar | Wheelbarrow |
| 10:46 | Investigar | Double-Bit Axe |
| 11:31 | Crear | Villager (Male) |
| 12:01 | Construir | Farm |
| 12:26 | Investigar | Castle Age |
| 12:59 | Investigar | Stone Mining |
| 13:31 | Investigar | Gold Mining |
| 14:59 | Construir | Farm |
| 15:00 | Construir | Farm |
| 15:00 | Construir | Farm |
| 15:00 | Construir | Farm |
| 15:03 | Construir | Farm |
| 15:05 | Construir | Farm |
| 15:06 | Edad | Edad de los Castillos |
| 15:06 | Construir | Farm |
| 15:07 | Construir | Farm |
| 15:11 | Investigar | Hand Cart |
| 15:41 | Crear | Villager (Male) |
| 16:04 | Construir | Town Center |
Build order — Acerola-Orion Heart-Under-Blade
56 acciones detectadas en el replay
| 0:02 | Investigar | Loom |
| 0:03 | Crear | Villager (Male) |
| 0:03 | Crear | Villager (Male) |
| 0:14 | Construir | Lumber Camp |
| 0:59 | Crear | Villager (Male) |
| 1:40 | Crear | Villager (Male) |
| 1:50 | Construir | House |
| 2:36 | Crear | Villager (Male) |
| 2:36 | Crear | Villager (Male) |
| 2:36 | Crear | Villager (Male) |
| 3:57 | Crear | Villager (Male) |
| 3:57 | Crear | Villager (Male) |
| 3:58 | Crear | Villager (Male) |
| 4:24 | Construir | House |
| 4:57 | Construir | Mill |
| 5:07 | Crear | Villager (Male) |
| 5:08 | Crear | Villager (Male) |
| 5:08 | Crear | Villager (Male) |
| 5:57 | Crear | Villager (Male) |
| 5:58 | Crear | Villager (Male) |
| 5:58 | Crear | Villager (Male) |
| 5:58 | Crear | Villager (Male) |
| 5:58 | Crear | Villager (Male) |
| 6:05 | Construir | Farm |
| 6:34 | Construir | Lumber Camp |
| 6:45 | Construir | Farm |
| 6:52 | Construir | Farm |
| 7:21 | Construir | House |
| 7:32 | Construir | Mining Camp |
| 8:00 | Construir | Mining Camp |
| 8:14 | Investigar | Feudal Age |
| 8:26 | Construir | Farm |
| 8:55 | Construir | Farm |
| 8:57 | Construir | Farm |
| 10:22 | Construir | House |
| 10:24 | Construir | House |
| 10:30 | Crear | Villager (Male) |
| 10:30 | Crear | Villager (Male) |
| 11:15 | Edad | Edad Feudal |
| 11:32 | Construir | Market |
| 11:51 | Construir | Blacksmith |
| 11:57 | Crear | Villager (Male) |
| 12:18 | Investigar | Double-Bit Axe |
| 12:38 | Investigar | Castle Age |
| 12:53 | Investigar | Stone Mining |
| 13:01 | Investigar | Gold Mining |
| 13:59 | Construir | Farm |
| 15:02 | Crear | Villager (Male) |
| 15:02 | Crear | Villager (Male) |
| 15:02 | Crear | Villager (Male) |
| 15:03 | Crear | Villager (Male) |
| 15:17 | Edad | Edad de los Castillos |
| 15:28 | Construir | House |
| 15:38 | Construir | Castle |
| 16:03 | Investigar | Horse Collar |
| 16:05 | Investigar | Bow Saw |
Build order — Tiny
0 acciones detectadas en el replay
Build order — ds
54 acciones detectadas en el replay
| 0:10 | Construir | Mill |
| 0:11 | Crear | Villager (Male) |
| 0:11 | Crear | Villager (Male) |
| 0:11 | Crear | Villager (Male) |
| 1:29 | Crear | Villager (Male) |
| 1:31 | Crear | Villager (Male) |
| 1:55 | Crear | Villager (Male) |
| 2:17 | Crear | Villager (Male) |
| 2:40 | Crear | Villager (Male) |
| 2:51 | Construir | House |
| 2:52 | Construir | House |
| 3:16 | Crear | Villager (Male) |
| 3:34 | Crear | Villager (Male) |
| 3:52 | Crear | Villager (Male) |
| 4:02 | Crear | Villager (Male) |
| 4:29 | Crear | Villager (Male) |
| 4:36 | Crear | Villager (Male) |
| 5:02 | Crear | Villager (Male) |
| 5:04 | Crear | Villager (Male) |
| 6:01 | Crear | Villager (Male) |
| 6:10 | Construir | House |
| 6:55 | Construir | Lumber Camp |
| 7:53 | Construir | Mill |
| 7:58 | Investigar | Feudal Age |
| 8:26 | Crear | Villager (Male) |
| 9:06 | Crear | Villager (Male) |
| 9:22 | Construir | Lumber Camp |
| 9:44 | Crear | Villager (Male) |
| 9:53 | Construir | Mining Camp |
| 10:08 | Edad | Edad Feudal |
| 10:18 | Crear | Villager (Male) |
| 10:25 | Crear | Villager (Male) |
| 10:31 | Investigar | Double-Bit Axe |
| 11:08 | Investigar | Gold Mining |
| 11:10 | Investigar | Horse Collar |
| 11:18 | Construir | Farm |
| 11:30 | Construir | Farm |
| 11:41 | Construir | Farm |
| 11:52 | Construir | House |
| 11:54 | Construir | House |
| 11:59 | Construir | Farm |
| 12:08 | Crear | Villager (Male) |
| 12:28 | Crear | Villager (Male) |
| 12:38 | Construir | Farm |
| 12:50 | Construir | Blacksmith |
| 12:57 | Construir | Farm |
| 13:18 | Construir | Farm |
| 13:20 | Construir | Farm |
| 13:28 | Construir | Farm |
| 14:02 | Construir | Market |
| 14:11 | Construir | Farm |
| 15:05 | Investigar | Castle Age |
| 15:17 | Construir | Mining Camp |
| 15:28 | Crear | Villager (Male) |
Cronología de la partida
| 10:03 | Tapion · age_up feudal |
| 10:08 | ds · age_up feudal |
| 11:15 | Acerola-Orion Heart-Under-Blade · age_up feudal |
| 15:06 | Tapion · age_up castle |
| 15:13 | Acerola-Orion Heart-Under-Blade · first_market_buy 100 stone |
| 15:17 | Acerola-Orion Heart-Under-Blade · age_up castle |
| 15:38 | Acerola-Orion Heart-Under-Blade · first_building Castle |
| 16:13 | ds · resign |
[ ANÁLISIS IA · 1 CRÉDITO ]
¿Qué pasó realmente en esta partida?
Wolo.gg analiza cada decisión: build order, eco, micro, errores típicos por bracket. Análisis personalizado por WhatsApp o Discord en 30 segundos.
Guía civ
Francos
Guía mapa
QS Arena
Perfil
Jugador #3010874